 Dungeon Crawl Stone Soup version 0.31-a0-507-gbafd7f5274 (webtiles) character file.

Game seed: 16654623233708813757

168 randomguy2701 the Grave Robber (level 5, -8/28 HPs)
             Began as a Deep Elf Necromancer on Aug 9, 2023.
             Mangled by a gnoll
             ... wielding a +0 halberd
              (14 damage)
             ... on level 3 of the Dungeon.
             The game lasted 00:02:38 (2566 turns).

randomguy2701 the Grave Robber (DENe)               Turns: 2566, Time: 00:02:38

Health: -8/28      AC:  2    Str:  5    XL:     5   Next: 23%
Magic:  5/14       EV:  7    Int: 22    God:
Gold:   111        SH:  0    Dex: 15    Spells: 13/14 levels left

rFire   . . .        l - staff of earth
rCold   . . .        (no shield)
rNeg    . . .        a - +0 robe
rPois   .            (no helmet)
rElec   .            (no cloak)
rCorr   .            (no gloves)
SInv    .            (no boots)
Will    .....        (no amulet)
Stlth   ++           e - ring of flight
HPRegen 0.24/turn    (no ring)
MPRegen 0.14/turn

%: no passive effects
@: flying, held
A: no striking features
a: no special abilities


You were on level 3 of the Dungeon.
You visited 1 branch of the dungeon, and saw 3 of its levels.

You collected 111 gold pieces.

Inventory:

Armour
 a - a +0 robe (worn)
Magical Staves
 l - a staff of earth (weapon)
Jewellery
 e - a ring of flight (left hand)
Scrolls
 f - a scroll of teleportation {unknown}
 h - 2 scrolls of identify {unknown}
 i - a scroll of amnesia {unknown}
 j - a scroll of vulnerability {unknown}
 k - a scroll of noise {unknown}
Potions
 b - 2 potions of magic
 c - a potion of mutation {unknown}
 d - a potion of brilliance {unknown}
 g - a potion of cancellation {unknown}
 m - 2 potions of enlightenment {unknown}
 n - 3 potions of curing {unknown}


   Skills:
 + Level 2.7 Dodging
 + Level 2.7 Stealth
 + Level 5.2 Spellcasting
 + Level 6.6 Necromancy


You had 13 spell levels left.
You knew the following spells:

 Your Spells              Type           Power      Damage    Failure   Level
a - Necrotise             Necr           100%       1d9       1%          1

Your spell library contained the following spells:

 Spells                   Type           Power      Damage    Failure   Level
 Vampiric Draining        Necr           34%        2d8       1%          3
 Cigotuvi's Dreadful Rot  Necr/Pois/Air  30%        N/A       6%          2
 Animate Dead             Necr           34%        N/A       7%          4
 Agony                    Necr           34%        N/A       19%         5
 Ignite Poison            Fire/Tmut/Pois 5%         N/A       30%         3
 Freezing Cloud           Conj/Ice/Air   2%         6-21      95%         5


Dungeon Overview and Level Annotations

Branches:
Dungeon (3/15)

Altars:


Message History

You kill the endoplasm!
The gnoll hits you from afar with a +0 spear.
Casting: Necrotise (safe; 1% risk of failure)
Confirm with . or Enter, or press ? or * to list all spells.
Aiming: Necrotise (safe; 1% risk of failure)
Press: ? - help, Shift-Dir - straight line, f - gnoll
Aim: a gnoll, wielding a +0 flail (moderately wounded, ally target, chance to affect: 88%)
The gnoll writhes in agony.
The gnoll hits you from afar with a +0 halberd.
The gnoll hits you from afar with a +0 spear.
Your gnoll skeleton barely misses the gnoll.
Casting: Necrotise (safe; 1% risk of failure)
Confirm with . or Enter, or press ? or * to list all spells.
Aiming: Necrotise (safe; 1% risk of failure)
Press: ? - help, Shift-Dir - straight line, f/p - gnoll
Aim: a gnoll, wielding a +0 flail (severely wounded, ally target, chance to affect: 88%)
The gnoll writhes in agony.
The gnoll hits you with a +0 flail. The gnoll barely misses you.
The gnoll hits you from afar with a +0 spear!
* * * LOW HITPOINT WARNING * * *
Your gnoll skeleton misses the gnoll.
Casting: Necrotise (safe; 1% risk of failure)
Confirm with . or Enter, or press ? or * to list all spells.
Aiming: Necrotise (safe; 1% risk of failure)
Press: ? - help, Shift-Dir - straight line, f/p - gnoll
Aim: a gnoll, wielding a +0 flail (almost dead, ally target, chance to affect: 88%)
The gnoll writhes in agony.
You kill the gnoll!
The dead are walking!
The gnoll barely misses you. x2
Casting: Necrotise (safe; 1% risk of failure)
Confirm with . or Enter, or press ? or * to list all spells.
Aiming: Necrotise (safe; 1% risk of failure)
Press: ? - help, Shift-Dir - straight line, f - gnoll
Aim: a gnoll, wielding a +0 halberd (ally target, chance to affect: 88%)
The gnoll writhes in agony.
Your gnoll skeleton closely misses the gnoll.
The gnoll barely misses you.
The gnoll hits you from afar with a +0 halberd!
Ouch! That really hurt!
You die...

# # .#. #.# #+## #.#
#..$# ####.# #.....
##.##.# #.Z....
##########...#.##.....>.
................@)gZ....
##########...#.##.g.....
##.##.# #).(... ####.#
#..... #.# #...# ...
#+## #.# ..#


You could see 2 gnolls and 2 friendly gnoll skeletons.

Vanquished Creatures
  A scorpion (D:3)
  2 gnolls (D:3)
  3 adders (D:2)
  2 worms (D:2)
  A dart slug (D:1)
  5 endoplasms
  A giant cockroach (D:3)
  9 hobgoblins
  4 jackals (D:1)
  6 kobolds
  A quokka (D:1)
  4 ball pythons
  3 bats
  A frilled lizard (D:3)
  6 goblins
  7 rats
56 creatures vanquished.

Vanquished Creatures (collateral kills)
  A jackal (D:1)
1 creature vanquished.

Grand Total: 57 creatures vanquished

Notes
Turn   | Place    | Note
-------+----------+-------------------------------------------
     0 | D:1      | randomguy2701 the Deep Elf Necromancer began the quest for
                  | the Orb.
     0 | D:1      | Reached XP level 1. HP: 10/10 MP: 6/6
    79 | D:1      | Reached skill level 5 in Necromancy
   211 | D:1      | Reached XP level 2. HP: 15/15 MP: 2/8
   877 | D:1      | Reached XP level 3. HP: 19/19 MP: 6/9
  1523 | D:2      | Reached skill level 6 in Necromancy
  1530 | D:2      | Reached XP level 4. HP: 18/24 MP: 6/12
  2261 | D:3      | Noticed a scorpion
  2267 | D:3      | Killed a scorpion
  2268 | D:3      | Reached skill level 5 in Spellcasting
  2268 | D:3      | Reached XP level 5. HP: 28/28 MP: 8/14
  2566 | D:3      | Mangled by a gnoll

Illustrated notes

Levels and vault maps discovered:
D:1:      dpeg_arrival_three_bigger_balls, layout_basic,
          dreamdust_mushroom_princess
D:2:      layout_loops_cross
D:3:      layout_loops_corners, item_on_display_a

Skill      XL: |  1  2  3  4 |
---------------+-------------+-----
Necromancy     | 5 6 |  6.6
Spellcasting   | 4 5 |  5.2
Dodging        | |  2.7
Stealth        | |  2.7

Action                     |  1- 3 |  4- 6 || total
---------------------------+-------+-------++-------
  Melee: Unarmed           |     1 |       ||     1
   Cast: Necrotise         |    60 |    37 ||    97
  Dodge: Dodged            |    11 |     5 ||    16

Table legend: (Time is in decaauts)
 A = Elapsed time spent in this place.
 B = Non-inter-level travel time spent in this place.
 C = Inter-level travel time spent in this place.
 D = Time resting spent in this place.
 E = Time spent auto-exploring this place.
 F = Levels seen in this place.
 G = Mean time per level.
                   A        B        C        D        E       F      G
               +--------+--------+--------+--------+--------+-----+--------+
         Total |   2564 |   2512 |     52 |      0 |   2267 |   3 |  854.7 |
       Dungeon |   2564 |   2512 |     52 |      0 |   2267 |   3 |  854.7 |
               +--------+--------+--------+--------+--------+-----+--------+

Top non-repeatable levels by time:
     D:1: 1256 daAuts
     D:2: 838 daAuts
     D:3: 470 daAuts
